 Dungeon Crawl Stone Soup version 0.31-a0-845-g9abc20d24f (webtiles) character file.

Game seed: 8458152120221020977

742 randomguy2701 the Frost Mage (level 7, -4/49 (53) HPs)
             Began as a Gnoll Wanderer on Oct 1, 2023.
             Was an Initiate of Gozag.
             Slain by a wight
             ... wielding a +2 morningstar
              (6 damage)
             ... on level 5 of the Dungeon.
             The game lasted 00:07:55 (4871 turns).

randomguy2701 the Frost Mage (Gnoll Wanderer)       Turns: 4871, Time: 00:07:56

HP:   -4/49 (53)    AC:  3    Str: 11    XL:     7   Next: 76%
MP:   0/15          EV: 12    Int: 18    God:    Gozag
Gold: 560           SH:  0    Dex: 13    Spells: 11/17 levels left

rFire   . . .        B - +0 trident (heavy)
rCold   . . .        (no shield)
rNeg    . . .        d - +0 robe
rPois   .            v - +0 helmet
rElec   .            (no cloak)
rCorr   .            (no gloves)
SInv    .            (no boots)
Will    .....        u - amulet of the acrobat
Stlth   ++           w - +6 ring of intelligence
HPRegen 0.28/turn    (no ring)
MPRegen 0.14/turn

%: acrobat
@: gold aura, drained
A: fangs 1, strong nose, distributed training
a: Renounce Religion, Potion Petition, Call Merchant, Bribe Branch


You were on level 5 of the Dungeon.
You worshipped Gozag.
Gozag was pleased with you.
You visited 1 branch of the dungeon, and saw 5 of its levels.
You also visited: Sewer.

You collected 576 gold pieces.
You paid 16 gold pieces to Gozag.

Inventory:

Hand Weapons
 a - a +0 dagger
 B - a +0 heavy trident (weapon)
Missiles
 b - 24 poisoned darts
 x - a throwing net
Armour
 d - a +0 robe (worn)
 v - a +0 helmet (worn)
Jewellery
 u - an amulet of the acrobat (around neck)
 w - a +6 ring of intelligence (left hand)
Wands
 y - a wand of flame (15)
 C - a wand of paralysis (10)
Scrolls
 e - 4 scrolls of identify
 f - 3 scrolls of teleportation {unknown}
 g - 2 scrolls of poison {unknown}
 i - a scroll of enchant armour {unknown}
 j - 2 scrolls of blinking {unknown}
 k - 2 scrolls of brand weapon {unknown}
 l - 2 scrolls of immolation {unknown}
 q - a scroll of fear {unknown}
 r - a scroll of butterflies {unknown}
Potions
 c - a potion of invisibility {unknown}
 h - 2 potions of brilliance
 m - 2 potions of curing {unknown}
 n - 2 potions of haste {unknown}
 o - a potion of attraction {unknown}
 p - a potion of cancellation {unknown}
 s - a potion of magic {unknown}
 t - 2 potions of degeneration {unknown}
 z - a potion of berserk rage {unknown}
 A - a potion of mutation {unknown}


   Skills:
 + Level 3.8 Fighting
 + Level 2.7 Short Blades
 + Level 2.7 Long Blades
 + Level 2.7 Axes
 + Level 2.7 Maces & Flails
 + Level 2.7 Polearms
 + Level 2.7 Staves
 + Level 2.7 Ranged Weapons
 + Level 3.8 Throwing
 + Level 2.7 Armour
 + Level 2.7 Dodging
 + Level 2.7 Stealth
 + Level 2.7 Shields
 + Level 2.7 Unarmed Combat
 + Level 5.7 Spellcasting
 + Level 2.2 Conjurations
 + Level 2.2 Hexes
 + Level 2.2 Summonings
 + Level 2.2 Necromancy
 + Level 2.2 Translocations
 + Level 2.2 Transmutations
 + Level 2.2 Fire Magic
 + Level 9.1 Ice Magic
 + Level 2.2 Air Magic
 + Level 2.2 Earth Magic
 + Level 3.1 Poison Magic
 + Level 3.0 Invocations
 + Level 2.7 Evocations
 + Level 2.4 Shapeshifting


You had 11 spell levels left.
You knew the following spells:

 Your Spells              Type           Power      Damage    Failure   Level
a - Freeze                Ice            100%       1d10      1%          1
b - Ensorcelled Hibernat  Hex/Ice        50%        N/A       1%          2
c - Hailstorm             Conj/Ice       25%        3d7       3%          3

Your spell library contained the following spells:

 Spells                   Type           Power      Damage    Failure   Level
 Poisonous Vapours        Pois/Air       28%        N/A       6%          2
 Cigotuvi's Dreadful Rot  Necr/Pois/Air  28%        N/A       7%          2
 Animate Armour           Summ/Erth      26%        N/A       43%         4
 Summon Lightning Spire   Summ/Air       13%        N/A       43%         4
 Lee's Rapid Deconstruct  Erth           6%         3d6*      80%         5


Dungeon Overview and Level Annotations

Branches:
Dungeon (5/15)             Temple (0/1) D:5           Sewer (visited)

Altars:
Elyvilon
Gozag
Okawaru
Wu Jian

Shops:
D:4 (


Innate Abilities, Weirdness & Mutations

You have very sharp teeth.
Your uncanny sense of smell can sniff out nearby items.
Your experience applies equally to all skills.


Message History

The wight barely misses you.
Your life force feels restored.
Your Invocations skill increases to level 3!
Unknown command.
Unknown command.
Casting: Hailstorm (dangerous; 3% risk of failure)
Confirm with . or Enter, or press ? or * to list all spells.
Casting: Hailstorm (dangerous; 3% risk of failure)
Press: ? - help, Dir - look around, f - activate A cannonade of hail descends around you!
The hail pelts the wight.
The wight partially resists.
You destroy the wight!
The hail pelts the wight.
The wight partially resists.
The wight is almost destroyed.
The wight barely misses you.
Unknown command.
Unknown command.
You freeze the wight but do no damage.
The wight completely resists.
The wight hits you with a +2 morningstar!
You feel drained.
You freeze the wight.
The wight resists.
The wight is severely damaged.
The wight barely misses you.
Unknown command.
You freeze the wight.
The wight resists.
The wight is severely damaged.
The wight hits you with a +2 morningstar!
You are too injured to fight recklessly!
Unknown command.
Casting: Freeze (safe; 1% risk of failure)
Confirm with . or Enter, or press ? or * to list all spells.
Aiming: Freeze (safe; 1% risk of failure)
Press: ? - help, Shift-Dir - straight line, f/p - wight
Aim: a wight, wielding a +2 morningstar and wearing a +0 robe (severely damaged)
You freeze the wight but do no damage.
The wight completely resists.
The wight hits you with a +2 morningstar!
* * * LOW HITPOINT WARNING * * *
You feel drained.
You die...
Your body crumbles into a pile of gold.

#.. #.# #.. #.# ... #.#
#.# #.# #######...
########.# #.@zz...#
#........# #.##......
####.#####).###.##.##.#.
........##.........#
####.##.##)####.####...
#.##.##.# #.......#
#.......########...#
####......# #...#
#.####.# #...#


You could see 2 wights.

Vanquished Creatures
  A centaur (D:3)
  3 kobold brigands (Sewer)
  2 wights (D:5)
  2 jellies (D:4)
  2 hounds (D:5)
  An orc wizard (D:5)
  9 adders
  A river rat (Sewer)
  4 worms
  4 dart slugs
  5 orcs
  6 endoplasms
  A giant cockroach (D:1)
  5 goblins
  3 hobgoblins
  3 jackals (D:1)
  9 kobolds
  6 quokkas
  12 ball pythons
  6 bats
  4 frilled lizards
  10 rats
99 creatures vanquished.

Notes
Turn   | Place    | Note
-------+----------+-------------------------------------------
     0 | D:1      | randomguy2701 the Gnoll Wanderer began the quest for the
                  | Orb.
     0 | D:1      | randomguy2701 set off with the following items: a +0
                  | dagger, 8 poisoned darts, a potion of heal wounds, a +0
                  | robe; and the following spell memorised: Freeze; and the
                  | following spells available to memorise: Ensorcelled
                  | Hibernation, Hailstorm, Poisonous Vapours, Cigotuvi's
                  | Dreadful Rot.
     0 | D:1      | Reached XP level 1. HP: 17/17 MP: 6/6
    98 | D:1      | Found a faded altar of an unknown god.
   166 | D:1      | Reached XP level 2. HP: 22/23 MP: 4/7
   943 | D:2      | Reached XP level 3. HP: 28/28 MP: 7/9
   947 | D:2      | Reached skill level 5 in Spellcasting
  1024 | D:2      | Reached skill level 1 in Invocations
  1294 | D:2      | Reached skill level 1 in Short Blades
  1294 | D:2      | Reached skill level 1 in Long Blades
  1294 | D:2      | Reached skill level 1 in Axes
  1294 | D:2      | Reached skill level 1 in Maces & Flails
  1294 | D:2      | Reached skill level 1 in Polearms
  1294 | D:2      | Reached skill level 1 in Staves
  1294 | D:2      | Reached skill level 1 in Ranged Weapons
  1294 | D:2      | Reached skill level 1 in Armour
  1294 | D:2      | Reached skill level 1 in Dodging
  1294 | D:2      | Reached skill level 1 in Stealth
  1294 | D:2      | Reached skill level 1 in Shields
  1294 | D:2      | Reached skill level 1 in Unarmed Combat
  1294 | D:2      | Reached skill level 1 in Evocations
  1382 | D:2      | Found an opulent altar of Gozag.
  1453 | D:2      | Reached skill level 1 in Shapeshifting
  1453 | D:2      | Reached XP level 4. HP: 34/34 MP: 8/11
  1628 | D:2      | Became a worshipper of Gozag Ym Sagoz the Greedy
  1696 | D:3      | Found a glowing drain.
  1736 | D:3      | Found a white marble altar of Elyvilon.
  1754 | D:3      | Noticed a centaur
  1762 | D:3      | Killed a centaur
  1763 | D:3      | Reached skill level 1 in Conjurations
  1763 | D:3      | Reached skill level 1 in Hexes
  1763 | D:3      | Reached skill level 1 in Summonings
  1763 | D:3      | Reached skill level 1 in Necromancy
  1763 | D:3      | Reached skill level 1 in Translocations
  1763 | D:3      | Reached skill level 1 in Transmutations
  1763 | D:3      | Reached skill level 1 in Fire Magic
  1763 | D:3      | Reached skill level 1 in Air Magic
  1763 | D:3      | Reached skill level 1 in Earth Magic
  1763 | D:3      | Reached XP level 5. HP: 23/40 MP: 6/12
  1779 | Sewer    | Entered a sewer
  1831 | Sewer    | Noticed a kobold brigand
  1849 | Sewer    | Killed a kobold brigand
  1869 | Sewer    | Reached XP level 6. HP: 7/47 MP: 0/13
  2384 | Sewer    | Reached skill level 9 in Ice Magic
  2897 | D:3      | Found an iron altar of Okawaru.
  3119 | D:3      | Reached XP level 7. HP: 47/52 MP: 12/15
  3600 | D:4      | Found Axaxt's Weapon Shoppe.
  3797 | D:4      | Found an ornate altar of the Wu Jian Council.
  4571 | D:5      | Entered Level 5 of the Dungeon
  4624 | D:5      | Found a staircase to the Ecumenical Temple.
  4813 | D:5      | Learned a level 2 spell: Ensorcelled Hibernation
  4862 | D:5      | Learned a level 3 spell: Hailstorm
  4871 | D:5      | HP: 2/51 [wight/+2 morningstar (15)]
  4871 | D:5      | Slain by a wight

Illustrated notes

Levels and vault maps discovered:
D:1:      minmay_arrival_cross, layout_loops_ring,
          dreamdust_ecumenical_altar_grove
D:2:      layout_rooms, basic_altar, minmay_box_of_dots
D:3:      layout_basic, mainiacjoe_overflow_24_doors,
          mainiacjoe_overflow_brackets, cheibrodos_sewer_entry_sluice
D:4:      layout_basic, lemuel_doored_altar, serial_shops,
          nicolae_shop_window_shopping, dreamdust_princess_corridor, st_stairs_1
D:5:      layout_loops_cross, minmay_temple_entry_arrows, nicolae_grassy_gnolls,
          uniq_menkaure, uniq_eustachio

Skill      XL: |  1  2  3  4  5  6  7 |
---------------+----------------------+-----
Poison Magic   | 2 3 |  3.1
Spellcasting   | 5 |  5.7
Invocations    | 1 2 3 |  3.0
Short Blades   | 1 2 |  2.7
Long Blades    | 1 2 |  2.7
Axes           | 1 2 |  2.7
Maces & Flails | 1 2 |  2.7
Polearms       | 1 2 |  2.7
Staves         | 1 2 |  2.7
Ranged Weapons | 1 2 |  2.7
Armour         | 1 2 |  2.7
Dodging        | 1 2 |  2.7
Stealth        | 1 2 |  2.7
Shields        | 1 2 |  2.7
Unarmed Combat | 1 2 |  2.7
Evocations     | 1 2 |  2.7
Shapeshifting  | 1 2 |  2.4
Conjurations   | 1 2 |  2.2
Hexes          | 1 2 |  2.2
Summonings     | 1 2 |  2.2
Necromancy     | 1 2 |  2.2
Translocations | 1 2 |  2.2
Transmutations | 1 2 |  2.2
Fire Magic     | 1 2 |  2.2
Air Magic      | 1 2 |  2.2
Earth Magic    | 1 2 |  2.2
Fighting       | 3 |  3.8
Throwing       | 3 |  3.8
Ice Magic      | 9 |  9.1

Action                     |  1- 3 |  4- 6 |  7- 9 || total
---------------------------+-------+-------+-------++-------
  Melee: Dagger            |    16 |    63 |     5 ||    84
         Bite              |     1 |     8 |       ||     9
         Trident           |       |       |     3 ||     3
  Throw: Dart              |     8 |       |       ||     8
   Cast: Freeze            |    54 |    76 |    51 ||   181
         Hailstorm         |       |       |     4 ||     4
    Use: Scroll            |       |     1 |       ||     1
         Potion            |       |     1 |       ||     1
 Armour: Robe              |    32 |    53 |    19 ||   104
  Dodge: Dodged            |    34 |    61 |    34 ||   129

Table legend: (Time is in decaauts)
 A = Elapsed time spent in this place.
 B = Non-inter-level travel time spent in this place.
 C = Inter-level travel time spent in this place.
 D = Time resting spent in this place.
 E = Time spent auto-exploring this place.
 F = Levels seen in this place.
 G = Mean time per level.
                   A        B        C        D        E       F      G
               +--------+--------+--------+--------+--------+-----+--------+
         Total |   4990 |   4551 |    439 |    168 |   3423 |   6 |  831.7 |
       Dungeon |   4019 |   3580 |    439 |      0 |   3041 |   5 |  803.8 |
         Sewer |    971 |    971 |      0 |    168 |    381 |   1 |  971.0 |
               +--------+--------+--------+--------+--------+-----+--------+

Top non-repeatable levels by time:
     D:4: 1088 daAuts
   Sewer: 971 daAuts
     D:3: 919 daAuts
     D:1: 905 daAuts
     D:2: 804 daAuts
     D:5: 301 daAuts
